 Dungeon Crawl Stone Soup version 0.27-a0-101-g3cb999cee2 (webtiles) character file.

Game seed: 8455393126345874668

195 bmj180 the Conjurer (level 5, -1/42 HPs)
             Began as a Draconian Conjurer on Jan 21, 2021.
             Was an Initiate of Vehumet.
             Slain by an orc
             ... wielding a +0 war axe
              (10 damage)
             ... on level 3 of the Dungeon.
             The game lasted 00:05:37 (4010 turns).

bmj180 the Conjurer (Draconian Conjurer)            Turns: 4010, Time: 00:05:38

Health: -1/42      AC:  5    Str:  9    XL:     5   Next: 45%
Magic:  9/9        EV: 12    Int: 20    God:    Vehumet [......]
Gold:   167        SH:  0    Dex:  9    Spells: 6/9 levels left

rFire    . . .     SeeInvis .   a - +0 mace
rCold    . . .     Faith    .   (no shield)
rNeg     . . .     Spirit   .   (armour unavailable)
rPois    .         Reflect  .   (helmet restricted)
rElec    .         Harm     .   (no cloak)
rCorr    .         Rampage  .   (no gloves)
Will     .....                  (no boots)
Stlth    ++........             (no amulet)
HPRegen  0.14/turn              (no ring)
MPRegen  0.11/turn              (no ring)

@: no status effects
A: unfitting armour, cold-blooded, AC +5
a: Renounce Religion


You were on level 3 of the Dungeon.
You worshipped Vehumet.
Vehumet was noncommittal.
You visited 1 branch of the dungeon, and saw 4 of its levels.

You collected 167 gold pieces.

Inventory:

Hand Weapons
 a - a +0 mace (weapon)
 j - a +0 whip
Missiles
 f - 44 stones
 p - 7 poisoned darts (quivered)
Wands
 r - a wand of polymorph (6)
Scrolls
 b - 3 scrolls of identify {unknown}
 c - a scroll of amnesia {unknown}
 e - 4 scrolls of teleportation {unknown}
 g - a scroll of magic mapping {unknown}
 k - 2 scrolls of remove curse {unknown}
 m - 2 scrolls of fog {unknown}
 n - a scroll of enchant armour {unknown}
 o - a scroll of enchant weapon {unknown}
Potions
 d - a potion of curing {unknown}
 h - a potion of flight {unknown}
 i - a potion of cancellation {unknown}
 l - a potion of brilliance {unknown}
 q - a potion of attraction {unknown}


   Skills:
 * Level 2.3 Fighting
 + Level 0.5 Maces & Flails
 * Level 0.3 Throwing
 + Level 2.2 Dodging
 + Level 2.1 Stealth
 * Level 2.8 Spellcasting
 * Level 5.3 Conjurations
 * Level 0.1 Evocations


You had 6 spell levels left.
You knew the following spells:

 Your Spells              Type           Power        Failure   Level
a - Magic Dart            Conj           96%          1%          1
b - Searing Ray           Conj           48%          2%          2

Your spell library contained the following spells:

 Spells                   Type           Power        Failure   Level
 Animate Skeleton         Necr           4%           14%         1
 Apportation              Tloc           4%           14%         1
 Corona                   Hex            2%           14%         1
 Summon Small Mammal      Summ           8%           14%         1
 Conjure Flame            Conj/Fire      13%          14%         3
 Dazzling Flash           Conj/Hex       26%          14%         3
 Blink                    Tloc           N/A          22%         2
 Call Imp                 Summ           2%           22%         2
 Slow                     Hex            2%           22%         2
 Mephitic Cloud           Conj/Pois/Air  9%           22%         3
 Fulminant Prism          Conj/Hex       6%           43%         4
 Iskenderun's Mystic Bla  Conj/Tloc      13%          43%         4


Dungeon Overview and Level Annotations

Branches:
Dungeon (4/15)
 Temple: D:4-7

Altars:
Nemelex Xobeh
Qazlal
Vehumet


Innate Abilities, Weirdness & Mutations

Your plain brown scales are hard. (AC +5)
You cannot fit into any form of body armour.
You are cold-blooded and may be slowed by cold attacks.


Message History

The orc hits you with a +0 war axe. The orc misses you.
You hit the orc.
You tail-slap the orc, but do no damage.
The orc is severely wounded.
The orc hits you with a +0 war axe!
You are too injured to fight recklessly!
You are too injured to fight recklessly!
You are too injured to fight recklessly!
You are too injured to fight recklessly!
You hit the orc but do no damage.
The orc is severely wounded.
The orc hits you with a +0 war axe!
* * * LOW HITPOINT WARNING * * *
You barely miss the orc.
The orc is severely wounded.
The orc hits you but does no damage.
You barely miss the orc.
The orc is severely wounded.
The orc hits you with a +0 war axe!
You die...

.# #.# #. .####
#.# #.
....##############
#.# #.
.................#
#.# #.
###.############.#
#.# #. ....# #.#
#.# #. ##### #.#
#.# #.
################o#
#.# #.
...............)@#
#.# #.
..##....#######)##
#.# #.
...)..)...#####.#
#.# #.
#.##..).#....##.#
#.# #.
#.#######....##.#
#.# #. #.##
##...##.# #.# #.
...# #...##.# #.#
#. ...# #.####.#
#.# #. ...# #..#
#.# #.# #)


You could see an orc.

Vanquished Creatures
  Jessica (D:3)
  4 adders
  4 gnolls
  2 oozes
  5 worms
  2 dart slugs
  6 orcs (D:3)
  6 giant cockroaches
  7 goblins
  4 hobgoblins
  3 jackals (D:3)
  7 kobolds
  A ball python (D:2)
  8 bats
  4 frilled lizards
  4 rats
68 creatures vanquished.

Notes
Turn   | Place    | Note
-------+----------+-------------------------------------------
     0 | D:1      | bmj180 the Draconian Conjurer began the quest for the Orb.
     0 | D:1      | Reached XP level 1. HP: 14/14 MP: 3/3
   389 | D:1      | Reached XP level 2. HP: 20/20 MP: 1/5
   680 | D:1      | Learned a level 2 spell: Searing Ray
   967 | D:2      | Reached skill level 1 in Fighting
  1077 | D:2      | Reached XP level 3. HP: 28/28 MP: 0/6
  1548 | D:2      | Reached XP level 4. HP: 27/36 MP: 2/7
  1696 | D:2      | Reached skill level 5 in Conjurations
  3094 | D:3      | Reached XP level 5. HP: 41/41 MP: 1/9
  3277 | D:3      | Found a stormy altar of Qazlal.
  3277 | D:3      | Found a radiant altar of Vehumet.
  3281 | D:3      | Became a worshipper of Vehumet
  3343 | D:3      | Noticed Jessica
  3419 | D:3      | Killed Jessica
  3850 | D:3      | Found a sparkling altar of Nemelex Xobeh.
  3956 | D:4      | Noticed a steam dragon
  4010 | D:3      | Slain by an orc

Illustrated notes

Levels and vault maps discovered:
D:1:      psy_arrival_conway, layout_basic
D:2:      layout_basic
D:3:      layout_basic, gammafunk_temple_overflow_wave,
          nemelex_lonely_heart_becter, uniq_jessica
D:4:      layout_cave_pools, led_sif_book, minmay_temple_entry_proselytizer,
          cheibrodos_sewer_entry_sluice, kennysheep_generic_room_5

Skill      XL: |  1  2  3  4 |
---------------+-------------+-----
Fighting       | 1 2 |  2.3
Dodging        | 2 |  2.2
Conjurations   | 5 |  5.3
Stealth        | 2 |  2.1
Maces & Flails | |  0.5
Throwing       | |  0.3
Spellcasting   | |  2.8
Evocations     | |  0.1

Action                   |  1- 3 |  4- 6 || total
-------------------------+-------+-------++-------
Melee: Mace              |    16 |    54 ||    70
       Tailslap          |       |     9 ||     9
 Cast: Magic Dart        |    28 |    23 ||    51
       Searing Ray       |     8 |    11 ||    19
 Stab: Sleeping          |       |     1 ||     1
Armor: Skin              |    21 |    23 ||    44
Dodge: Dodged            |    27 |    54 ||    81

Table legend: (Time is in decaauts)
 A = Elapsed time spent in this place.
 B = Non-inter-level travel time spent in this place.
 C = Inter-level travel time spent in this place.
 D = Time resting spent in this place.
 E = Time spent auto-exploring this place.
 F = Levels seen in this place.
 G = Mean time per level.
                   A        B        C        D        E       F      G
               +--------+--------+--------+--------+--------+-----+--------+
         Total |   4042 |   3951 |     91 |    872 |   2431 |   4 | 1010.5 |
       Dungeon |   4042 |   3951 |     91 |    872 |   2431 |   4 | 1010.5 |
               +--------+--------+--------+--------+--------+-----+--------+

Top non-repeatable levels by time:
     D:3: 1773 daAuts
     D:1: 1226 daAuts
     D:2: 1031 daAuts
     D:4: 12 daAuts
